 Dungeon Crawl Stone Soup version 0.30.1-11-g7821555f0a (webtiles) character file.

Game seed: 11822729029064533694

987 lonewolfV2 the Fighter (level 8, 0/70 HPs)
             Began as a Formicid Fighter on Nov 14, 2023.
             Slain by a scorpion (5 damage)
             ... on level 6 of the Dungeon.
             The game lasted 00:07:59 (5403 turns).

lonewolfV2 the Fighter (Formicid Fighter)           Turns: 5403, Time: 00:08:00

Health: 0/70       AC: 14    Str: 26    XL:     8   Next: 41%
Magic:  12/12      EV:  8    Int:  9    God:
Gold:   208        SH:  5    Dex: 15    Spells: 7/7 levels left

rFire   . . .        x - +1 war axe (drain)
rCold   . . .        c - +0 buckler
rNeg    . . .        j - +0 chain mail
rPois   .            (helmet unavailable)
rElec   .            r - +0 cloak
rCorr   .            (no gloves)
SInv    +            (no boots)
Will    .....        (no amulet) Stlth
                     e - +4 ring of protection
HPRegen 0.31/turn    v - +6 ring of strength
MPRegen 0.13/turn

%: no passive effects
@: no status effects
A: permanent stasis, dig shafts and tunnels, antennae 3, four strong arms
a: Dig, Shaft Self


You were on level 6 of the Dungeon.
You visited 1 branch of the dungeon, and saw 6 of its levels.

You collected 208 gold pieces.

Inventory:

Hand Weapons
 a - a +0 war axe
 x - a +1 war axe of draining (weapon)
Armour
 c - a +0 buckler (worn)
 j - a +0 chain mail (worn)
 r - a +0 cloak (worn)
Jewellery
 e - a +4 ring of protection (left hand)
 h - a ring of flight
 i - a ring of willpower
 m - an amulet of magic regeneration
 v - a +6 ring of strength (right hand)
Wands
 g - a wand of digging (7)
 l - a wand of flame (19)
Scrolls
 b - a scroll of magic mapping {unknown}
 f - 3 scrolls of enchant armour
 q - 2 scrolls of vulnerability {unknown}
 w - a scroll of brand weapon
Potions
 d - a potion of might
 k - 2 potions of lignification
 n - 2 potions of heal wounds
 o - a potion of ambrosia {unknown}
 p - a potion of haste {unknown}
 s - a potion of magic {unknown}
 t - 2 potions of berserk rage
 u - a potion of attraction {unknown}


   Skills:
 * Level 8.9 Fighting
 - Level 2.0 Axes
 - Level 3.2 Armour
 - Level 4.0 Shields
 + Level 6.1 Invocations


You had 7 spell levels left.
You didn't know any spells.
Your spell library contained the following spells:

 Spells                   Type           Power      Damage    Failure   Level
 Frozen Ramparts          Ice            0%         1d1       100%        3
 Ice Form                 Ice/Tmut       0%         N/A       100%        4
 Leda's Liquefaction      Hex/Erth       0%         N/A       100%        4
 Summon Ice Beast         Ice/Summ       0%         N/A       100%        4
 Lee's Rapid Deconstruct  Erth           0%         3d4*      100%        5
 Statue Form              Tmut/Erth      0%         N/A       100%        6


Dungeon Overview and Level Annotations

Branches:
Dungeon (6/15)             Temple (0/1) D:6

Altars:
Fedhas
Trog
Xom
Zin

Shops:
D:3 =   D:6 *


Innate Abilities, Weirdness & Mutations

You cannot be hasted, slowed, berserked, paralysed or teleported.
You can dig through walls and to a lower floor.
You have a pair of large antennae on your head. (SInv)
Your four strong arms can wield two-handed weapons with a shield.


Message History

The scorpion stings you but does no damage.
You slash the scorpion!
You kill the scorpion!
You hit the scorpion but do no damage. You slash the orc!
You kill the orc!
You hit the black bear. You drain the black bear. The scorpion stings you.
The orc priest invokes the aid of Beogh against you.
Beogh smites you!
The black bear bites you but does no damage.
The black bear claws you but does no damage.
The black bear barely misses you. The scorpion completely misses you.
You barely miss the orc. You slash the black bear! You hit the scorpion.
You drain the scorpion. You barely miss the scorpion. You barely miss the ogre.
You block the scorpion's attack.
The scorpion stings you but does no damage.
The ogre hits you with a +0 giant spiked club!
The orc misses you. The black bear closely misses you.
The black bear completely misses you.
The black bear claws you but does no damage.
The scorpion stings you. You block the scorpion's attack.
The orc hits you but does no damage. The black bear closely misses you.
The black bear claws you but does no damage. x2
You slash the orc!
You kill the orc!
You hit the scorpion but do no damage. You closely miss the scorpion.
You hit the ogre. You hit the black bear. The scorpion barely misses you.
The ogre hits you with a +0 giant spiked club!
* * * LOW HITPOINT WARNING * * *
The scorpion stings you but does no damage.
The black bear bites you but does no damage.
The black bear completely misses you.
The black bear claws you but does no damage.
You block the scorpion's attack.
You feel much better. You block the scorpion's attack.
The ogre hits you with a +0 giant spiked club!!
* * * LOW HITPOINT WARNING * * *
The black bear goes berserk!
The scorpion stings you.
* * * LOW HITPOINT WARNING * * *
The scorpion stings you.
You die...

....⌠..........###...#
######.#
'##............# #...#
#.# ..#)##..####...#
#...# #+# ..#..#..+
{#P..###...# ..#..#..#
#.....#...#
######..####..##.#...#
........##.#####
..#####.....######
.....ls@o......
.#.#..Ohs.####.
#.#.#..o..#
#.#.#......
#.>.#........
.#.#.#......... #.#
#.......... .#
..........


You could see a black bear (berserk, drained), an ogre, 2 scorpions, an iguana
and 2 orc priests.

Vanquished Creatures
  Menkaure (D:5)
  An orc warrior (D:6)
  A kobold brigand (D:6)
  2 bullfrogs (D:6)
  A scorpion (D:6)
  2 howler monkeys
  4 hounds
  An orc priest (D:5)
  Crazy Yiuf (D:2)
  2 iguanas
  4 adders
  2 white imps
  2 ufetubi
  A worm (D:2)
  3 dart slugs
  27 orcs
  9 endoplasms
  6 giant cockroaches
  8 goblins
  9 hobgoblins
  4 jackals (D:3)
  9 kobolds
  4 quokkas
  6 ball pythons
  4 bats
  4 frilled lizards
  7 rats
125 creatures vanquished.

Notes
Turn   | Place    | Note
-------+----------+-------------------------------------------
     0 | D:1      | lonewolfV2 the Formicid Fighter began the quest for the
                  | Orb.
     0 | D:1      | Reached XP level 1. HP: 18/18 MP: 1/1
   100 | D:1      | Reached XP level 2. HP: 24/24 MP: 2/2
   136 | D:1      | Reached skill level 1 in Invocations
   208 | D:1      | Reached skill level 4 in Fighting
   317 | D:1      | Reached XP level 3. HP: 30/30 MP: 4/4
   856 | D:2      | Found a runed translucent door.
   857 | D:2      | Noticed Crazy Yiuf
   934 | D:2      | Reached XP level 4. HP: 24/38 MP: 5/5
  1417 | D:2      | Killed Crazy Yiuf
  1418 | D:2      | Reached skill level 5 in Fighting
  2051 | D:3      | Reached XP level 5. HP: 44/44 MP: 6/6
  2101 | D:3      | Found Raphauf Via's Jewellery Shop.
  2105 | D:3      | Identified the +2 ring mail "Jeevausch" {Will+ Dex+2}
  2981 | D:4      | Found a glowing silver altar of Zin.
  3071 | D:4      | Reached XP level 6. HP: 45/52 MP: 8/8
  3073 | D:4      | Reached skill level 6 in Fighting
  3471 | D:4      | Found a bloodstained altar of Trog.
  3549 | D:5      | Entered Level 5 of the Dungeon
  3606 | D:5      | Noticed Menkaure
  3612 | D:5      | Killed Menkaure
  3718 | D:5      | Reached XP level 7. HP: 59/59 MP: 10/10
  3836 | D:5      | Reached skill level 7 in Fighting
  4754 | D:5      | Found a blossoming altar of Fedhas.
  4757 | D:5      | Found a shimmering altar of Xom.
  4867 | D:6      | Reached skill level 5 in Invocations
  4875 | D:6      | Reached skill level 8 in Fighting
  4886 | D:6      | Reached XP level 8. HP: 54/68 MP: 12/12
  5116 | D:6      | Found Anyop's Assorted Antiques.
  5392 | D:6      | Found a staircase to the Ecumenical Temple.
  5403 | D:6      | Slain by a scorpion

Illustrated notes

Levels and vault maps discovered:
D:1:      lightli_arrival_windingriver, layout_rooms, minmay_misc_feat_cross,
          minmay_heptomino_l4
D:2:      layout_loops_cross, minmay_3d_cube, uniq_crazy_yiuf_cottage
D:3:      layout_basic, serial_shops, shop_fountains, chequers_avenue
D:4:      layout_loops_corners, mainiacjoe_overflow_swirl
D:5:      layout_basic, minitemple, grunt_decor_clamped, uniq_menkaure
D:6:      corexii_shack_village, layout_basic, mainiacjoe_overflow_alcove_1,
          minmay_temple_entry_grid, serial_shops, shop

Skill      XL: |  1  2  3  4  5  6  7  8 |
---------------+-------------------------+-----
Invocations    | 1 2 3 4 5 6 |  6.1
Fighting       | 4 5 6 8 |  8.9
Axes           | |  2.0
Armour         | |  3.2
Shields        | |  4.0

Action                     |  1- 3 |  4- 6 |  7- 9 || total
---------------------------+-------+-------+-------++-------
  Melee: War axe           |    77 |   141 |   157 ||   375
  Evoke: Wand              |       |     6 |       ||     6
    Use: Scroll            |     2 |     3 |     4 ||     9
         Potion            |       |     2 |     2 ||     4
 Armour: Scale mail        |    51 |    75 |    56 ||   182
         Chain mail        |       |       |    57 ||    57
  Dodge: Dodged            |    45 |    76 |    99 ||   220
  Block: Buckler           |    38 |    37 |    63 ||   138
